 Dungeon Crawl Stone Soup version 0.22-a0-482-g76e0a5f (webtiles) character file.

253 stealthycow the Ruffian (level 5, -2/53 HPs)
             Began as a Troll Fighter on June 17, 2018.
             Slain by stealthycow's ghost (6 damage)
             ... on level 4 of the Dungeon.
             The game lasted 00:04:47 (2073 turns).

stealthycow the Ruffian (Troll Fighter)             Turns: 2073, Time: 00:04:48

Health: -2/53      AC:  5    Str: 24    XL:     5   Next: 90%
Magic:  4/4        EV:  8    Int:  4    God:
Gold:   83         SH:  9    Dex: 10    Spells: 4/4 levels left

rFire    . . .     SeeInvis .     - Unarmed
rCold    . . .     Gourm    +   b - +0 shield
rNeg     . . .     Faith    .   a - +0 robe
rPois    .         Spirit   .   (helmet restricted)
rElec    .         Reflect  .   (no cloak)
rCorr    .         Harm     .   (gloves unavailable)
MR       .....                  (boots unavailable)
Stlth    +.........             (no amulet)
HPRegen  0.57/turn              (no ring)
MPRegen  0.09/turn              (no ring)

@: no status effects
A: large, unfitting armour, claws 3, fast metabolism 3, gourmand, regeneration
1, shaggy fur 1, tough skin 2
a: no special abilities


You were on level 4 of the Dungeon.
You were very full.

You visited 1 branch of the dungeon, and saw 4 of its levels.

You collected 83 gold pieces.

Inventory:

Armour
 a - a +0 robe (worn)
 b - a +0 shield (worn)
Jewellery
 i - an uncursed amulet of regeneration {unknown}
 m - a cursed ring of loudness {unknown}
 q - an uncursed ring of protection from fire {unknown}
 v - a cursed ring of loudness {unknown}
Scrolls
 e - 2 scrolls of blinking {unknown}
 f - 3 scrolls of enchant armour {unknown}
 g - 4 scrolls of noise {unknown}
 h - 2 scrolls of immolation {unknown}
 k - 2 scrolls of identify {unknown}
 o - a scroll of amnesia {unknown}
 p - a scroll of magic mapping {unknown}
 r - a scroll of teleportation {unknown}
Potions
 c - a potion of might
 j - 2 potions of invisibility {unknown}
 l - a potion of heal wounds {unknown}
 t - a potion of curing {unknown}
 u - a potion of lignification {unknown}
Comestibles
 d - 5 rations
 s - 3 chunks of flesh


   Skills:
 + Level 3.1 Fighting
 + Level 1.6 Throwing
 + Level 3.1 Dodging
 + Level 3.1 Shields
 * Level 4.0 Unarmed Combat


You had 4 spell levels left.
You didn't know any spells.
Your spell library was empty.

Dungeon Overview and Level Annotations

Branches:
Dungeon (4/15)
 Temple: D:4-7

Altars:
Kikubaaqudgha
Okawaru
Qazlal
Xom
Zin

Annotations:
D:4 stealthycow's ghost, amateur GrFi


Innate Abilities, Weirdness & Mutations

You are too large for most types of armour.
You have claws for hands.
Your metabolism is lightning-fast.
You like to eat raw meat.
Your natural rate of healing is unusually fast.
You are covered in fur. (AC +1)
You have very tough skin. (AC +2)


Message History

Stealthycow's ghost hits you!
* * * LOW HITPOINT WARNING * * *
You scratch stealthycow's ghost.
Stealthycow's ghost is severely damaged.
You block stealthycow's ghost's attack. x2
You scratch stealthycow's ghost.
Stealthycow's ghost is almost destroyed.
Stealthycow's ghost hits you.
* * * LOW HITPOINT WARNING * * *
You barely miss stealthycow's ghost.
Stealthycow's ghost is almost destroyed.
You block stealthycow's ghost's attack.
You scratch stealthycow's ghost but do no damage.
Stealthycow's ghost is almost destroyed.
Stealthycow's ghost hits you!
* * * LOW HITPOINT WARNING * * *
You scratch stealthycow's ghost.
Stealthycow's ghost is almost destroyed.
Stealthycow's ghost hits you.
You die...

####.......#
#.#####.##.# #.####
##.###### #.......##.#
#.#...
#.##################.#
#..... #####.........
.% #.# ###.##
.......###.... .# #.#
#.# #####..# #.# # .# #
#.#####.# .......# #.#
.#.# #.......#
#####.####.######.#.##
#######.#
#####.###((...wW@....#
#.#
............#####.#..##
#.# #####.#.#...#
#.......<. #.#
#.#.##.## #......# .
#.# #...##.# #<..#..#
#.. #######w##.#
#O.##.[# .#
......W.##...........#
#######.#######..##.##
#.# ..... ..


You could see a worm and stealthycow's ghost.

Vanquished Creatures
  An ogre (D:4)
  The ghost of mewnmewn the Skirmisher, a weakling HOFi (D:3)
  An orc wizard (D:4)
  Jessica (D:2)
  An adder (D:3)
  A worm (D:3)
  4 dart slugs
  A leopard gecko (D:2)
  6 orcs
  A giant cockroach (D:1)
  A goblin (D:1)
  3 hobgoblins
  7 jackals (D:1)
  A kobold (D:2)
  A quokka (D:2)
  A ball python (D:1)
  7 bats
  3 frilled lizards
  5 rats (D:1)
47 creatures vanquished.

Notes
Turn   | Place    | Note
-------+----------+-------------------------------------------
     0 | D:1      | stealthycow the Troll Fighter began the quest for the Orb.
     0 | D:1      | Reached XP level 1. HP: 22/22 MP: 0/0
   182 | D:1      | Reached XP level 2. HP: 29/29 MP: 1/1
   510 | D:2      | Found a faded altar of an unknown god.
   628 | D:2      | Reached XP level 3. HP: 36/36 MP: 2/2
  1035 | D:2      | Found an opulent altar of Gozag.
  1037 | D:2      | Found an ancient bone altar of Kikubaaqudgha.
  1037 | D:2      | Found an iron altar of Okawaru.
  1037 | D:2      | Noticed Jessica
  1040 | D:2      | Found a stormy altar of Qazlal.
  1040 | D:2      | Found a glowing silver altar of Zin.
  1040 | D:2      | Found a shimmering altar of Xom.
  1045 | D:2      | Killed Jessica
  1045 | D:2      | Reached skill level 3 in Unarmed Combat
  1167 | D:3      | Noticed mewnmewn's ghost (weakling HOFi)
  1188 | D:3      | Killed mewnmewn's ghost
  1188 | D:3      | Reached XP level 4. HP: 22/44 MP: 3/3
  1291 | D:3      | Reached skill level 1 in Throwing
  1781 | D:4      | Noticed an ogre
  1781 | D:4      | Noticed stealthycow's ghost (amateur GrFi)
  1898 | D:4      | Reached XP level 5. HP: 52/52 MP: 4/4
  2046 | D:4      | Killed an ogre
  2046 | D:4      | Reached skill level 4 in Unarmed Combat
  2073 | D:4      | Slain by stealthycow's ghost

Vault maps used:
D:1:      minmay_arrival_glassed_features
D:2:      doesnt_xom_only_xom, chequers_ecumenical_altar_simple_redux,
          first_ration, uniq_jessica
D:3:      minmay_stone_trees_small
D:4:      grunt_ministairs_6, minmay_misc_feat_room

Skill      XL: |  1  2  3  4  5 |
---------------+----------------+-----
Unarmed Combat | 3 4 |  4.0
Throwing       | 1 |  1.6
Fighting       | 3 |  3.1
Dodging        | 3 |  3.1
Shields        | 3 |  3.1

Action                   |  1- 3 |  4- 6 || total
-------------------------+-------+-------++-------
Melee: Unarmed           |   104 |    58 ||   162
Throw: Large rock        |     1 |     4 ||     5
 Stab: Sleeping          |     1 |       ||     1
  Eat: Chunk             |    13 |    11 ||    24
Armor: Robe              |    37 |     5 ||    42
Dodge: Dodged            |    43 |    14 ||    57
Block: Shield            |    57 |    12 ||    69

Table legend:
 A = Spawn XP
 B = Non-spawn XP
 C = Spawn XP percentage of total XP
 D = Spawn monster count
 E = Non-spawn monster count
 F = Spawn count percentage of total count
 G = Total turns spent on level
                    A         B        C        D         E        F      G
               +---------+---------+-------+---------+---------+-------+---------
         Total |       0 |     362 |   0.0 |       0 |      47 |   0.0 |  2073
               +---------+---------+-------+---------+---------+-------+---------
           D:1 |       0 |      36 |   0.0 |       0 |      20 |   0.0 |   474
           D:2 |       0 |      52 |   0.0 |       0 |       9 |   0.0 |   645
           D:3 |       0 |     105 |   0.0 |       0 |      11 |   0.0 |   765
           D:4 |       0 |     169 |   0.0 |       0 |       7 |   0.0 |   189
               +---------+---------+-------+---------+---------+-------+---------
